 Dungeon Crawl Stone Soup version 0.31.0-12-g77e489cdc1 (webtiles) character file.

Game seed: 9138330369362138473

382 Killerpretzel the Changeling (level 6, -5/42 HPs)
             Began as an Octopode Shapeshifter on Mar 5, 2024.
             Killed from afar by an orc wizard (11 damage)
             ... with a puff of flame
             ... on level 4 of the Dungeon.
             The game lasted 00:06:19 (3005 turns).

Killerpretzel the Changeling (OpSh)                 Turns: 3005, Time: 00:06:19

Health: -5/42      AC:  1    Str: 14    XL:     6   Next: 76%
Magic:  0/6        EV: 14    Int: 12    God:
Gold:   184        SH:  0    Dex: 13    Spells: 5/5 levels left

rFire   . .          .
                       - Unarmed
rCold   . . .        k - orb {*channel}
rNeg    + . .        (helmet currently unavailable)
rPois   .            j - amulet of guardian spirit
rElec   .            n - ring of positive energy
rCorr   .            (no ring)
SInv    .            (no ring)
Will    .....        (no ring)
Stlth   ++           (no ring)
HPRegen 0.27/turn    (no ring)
MPRegen 0.10/turn    (no ring)
                     (no ring)

%: guardian spirit, channel magic (20%)
@: confused, beast-form
A: beast (slay +2), almost no armour, amphibious, 8 rings, camouflage 1,
gelatinous body 1, (nimble swimmer 1), tentacles
a: Begin Untransformation


You were on level 4 of the Dungeon.
You were a hulking beast.
You visited 1 branch of the dungeon, and saw 4 of its levels.

You collected 184 gold pieces.

Inventory:

Armour
 k - an orb of energy (worn)
Jewellery
 h - a ring of flight
 j - an amulet of guardian spirit (around mantle)
 n - a ring of positive energy (left tentacle)
Talismans
 b - a beast talisman
 c - a flux talisman
Scrolls
 d - a scroll of teleportation
 i - a scroll of enchant armour
 p - a scroll of fear {unknown}
 q - a scroll of torment {unknown}
Potions
 a - 3 potions of lignification
 e - a potion of haste
 f - a potion of magic
 g - a potion of mutation
 l - a potion of heal wounds
 m - a potion of might
 o - a potion of curing {unknown}


   Skills:
 + Level 3.0 Fighting
 + Level 3.4 Dodging
 + Level 4.2 Unarmed Combat
 * Level 4.9 Shapeshifting


You had 5 spell levels left.
You didn't know any spells.
Your spell library contained the following spells:

 Spells                   Type           Power      Damage    Failure   Level
 Sandblast                Erth           0%         2d4       54%         1
 Ensorcelled Hibernation  Hex/Ice        0%         N/A       67%         2
 Passwall                 Erth           0%         N/A       86%         3
 Stone Arrow              Conj/Erth      0%         3d7       86%         3
 Swiftness                Air            0%         N/A       86%         3
 Brom's Barrelling Bould  Conj/Erth      0%         2d3       99%         4


Dungeon Overview and Level Annotations

Branches:
Dungeon (4/15)
 Temple: D:4-7

Altars:
Ashenzari
Gozag

Annotations:
D:3 Grinder


Innate Abilities, Weirdness & Mutations

You are a hulking beast.
Your limbs bulge with bestial killing power. (Slay +2)
You cannot wear most types of armour.
You are amphibious.
You can wear up to eight rings at the same time.
Your skin changes colour to match your surroundings (Stealth+).
Your rubbery body absorbs attacks. (AC +1, EV +1)
((You are camouflaged when in or above water. (Stealth+)))
You have tentacles for arms and can constrict up to eight enemies at once.


Message History

You constrict the orc.
You kill the orc!
You barely miss the orc. Your grab misses the orc.
The orc completely misses you.
You tentacle-slap the orc but do no damage.
Your grab misses the orc. The orc hits you with a +0 hand axe.
You tentacle-slap the orc. You grab the orc. You squeeze the orc.
The orc is heavily wounded.
You constrict the orc.
The orc priest mumbles some strange prayers to Beogh against you.
Beogh smites you! The orc hits you with a +0 hand axe.
You tentacle-slap the orc.
You kill the orc!
The orc priest invokes the aid of Beogh against you.
You barely resist. You barely miss the quokka. You grab the quokka.
You constrict the quokka. The quokka misses you.
You bludgeon the quokka!
You kill the quokka!
You barely miss the orc priest. Your grab misses the orc priest.
Your squeeze misses the orc priest.
The orc priest mumbles some strange prayers to Beogh against you.
Beogh smites you!
You closely miss the orc priest. You grab the orc priest.
You constrict the orc priest. The orc priest hits you with a +0 club.
* * * LOW HITPOINT WARNING * * *
The orc wizard barely misses you.
You tentacle-slap the orc priest. You squeeze the orc priest!
You kill the orc priest!
The orc wizard casts a spell at you.
You are confused.
Your Fighting skill increases to level 3!
You miss the orc wizard.
The orc wizard gestures at you while chanting.
The magic dart hits you.
* * * LOW HITPOINT WARNING * * *
You're too confused to move!
The orc wizard misses you. The orc wizard casts a spell at you.
The puff of flame hits you!
You die...

.##
##.....≈.....#.≈r#.### #.
##....≈.#####.≈...# .#
##...≈.......≈...# .#
##..≈≈.≈≈≈≈≈≈.#.#
#.##.#####..).........#.#
#...........#...####.##.#
.......###†.###)o###.##.#
#..#.#. #.......†.......
# # #.#........h######
#.##.......## #.
##.#...## #. ####.## #.
###


You could see an orc wizard.

Vanquished Creatures
  A bombardier beetle (D:3)
  A hound (D:3)
  An orc priest (D:4)
  Jessica (D:3)
  2 iguanas (D:4)
  5 gnolls
  8 adders
  2 dart slugs
  3 orcs (D:4)
  11 endoplasms
  5 giant cockroaches
  5 goblins (D:1)
  7 hobgoblins
  6 jackals
  6 quokkas
  8 ball pythons
  8 bats
  A frilled lizard (D:3)
  3 kobolds
  7 rats
91 creatures vanquished.

Notes
Turn   | Place    | Note
-------+----------+-------------------------------------------
     0 | D:1      | Killerpretzel the Octopode Shapeshifter began the quest for
                  | the Orb.
     0 | D:1      | Reached XP level 1. HP: 13/13 MP: 1/1
    55 | D:1      | Reached XP level 2. HP: 15/18 MP: 2/2
   266 | D:1      | Reached XP level 3. HP: 20/23 MP: 3/3
   928 | D:2      | Found a faded altar of an unknown god.
   961 | D:2      | Reached XP level 4. HP: 15/29 MP: 4/4
  1550 | D:3      | Noticed Jessica
  1727 | D:3      | Reached XP level 5. HP: 28/34 MP: 5/5
  1751 | D:3      | Noticed Grinder
  1863 | D:3      | Killed Jessica
  1989 | D:3      | Reached XP level 6. HP: 36/41 MP: 4/6
  2637 | D:4      | Found a broken altar of Ashenzari.
  2896 | D:4      | Found an opulent altar of Gozag.
  3005 | D:4      | Killed from afar by an orc wizard

Illustrated notes

Levels and vault maps discovered:
D:1:      zelgadis_glass_arrival_small, layout_basic
D:2:      layout_loops_ring, basic_ecumenical_altar, minmay_pentomino_pile
D:3:      layout_loops_ring, minmay_randomly_rotated_circles, uniq_jessica,
          uniq_grinder
D:4:      layout_loops_corners, mainiacjoe_overflow_brackets,
          nicolae_overflow_crystal_walls, mainiacjoe_overflow_alcove_1,
          minmay_box_of_dots

Skill      XL: |  1  2  3  4  5  6 |
---------------+-------------------+-----
Fighting       | 2 3 |  3.0
Shapeshifting  | 4 |  4.9
Dodging        | 3 |  3.4
Unarmed Combat | 4 |  4.2

Action                     |  1- 3 |  4- 6 || total
---------------------------+-------+-------++-------
  Melee: Unarmed           |    68 |   130 ||   198
         Constrict         |    13 |    36 ||    49
         Tentacles         |     8 |    25 ||    33
         Punch             |     4 |     4 ||     8
    Use: Scroll            |     1 |     6 ||     7
   Stab: Sleeping          |     6 |     7 ||    13
 Armour: Skin              |    19 |    50 ||    69
  Dodge: Dodged            |    42 |    93 ||   135
